Map: World of Sleepers LE

Players

pHARM

  • Race: Zerg Zerg
  • League: Platinum
  • Spawn Location: 1:00

turfcomedy - Winner!

  • Race: Terran Terran
  • League: Platinum
  • Spawn Location: 7:00

VOD

Have the link to the VOD?

Description

Time

  • Played on: Sept. 2, 2019, 8:08 p.m.
  • Length: 10:44
Show
View Real Time Build Order
Export as new Build Order

pHARM Zerg 

Build Orders: Hatch First 

Get SALT Encoding   

  12  0:02  Drone  
  13  0:13  Overlord  
  13  0:26  Drone  
  14  0:31  Drone x2  
  16  0:52  Hatchery  
  16  0:55  Drone  
  16  1:04  Drone x2  
  18  1:19  Spawning Pool, Drone  
  18  1:36  Drone x2  
  20  1:42  Extractor  
  20  1:43  Drone  
  20  1:53  Overlord  
  20  2:05  Queen x2  
  24  2:08  Zergling x4  
  26  2:18  Drone x2  
  28  2:26  Overlord  
  28  2:31  Drone  
  29  2:43  Spine Crawler  
  28  2:45  Drone x2  
  28  2:48  Metabolic Boost  
  30  2:57  Drone x2  
  32  3:01  Overlord  
  32  3:08  Drone x2  
  34  3:17  Baneling Nest, Drone x4  
  34  3:18  Queen  
  39  3:28  Drone x4  
  43  3:40  Pneumatized Carapace  
  43  3:43  Drone x3  
  46  3:52  Drone  
  46  3:53  Drone x3  
  46  3:55  Extractor  
  49  3:56  Extractor  
  49  4:01  Evolution Chamber  
  49  4:02  Evolution Chamber, Drone x4  
  51  4:03  Drone  
  51  4:22  Overlord, Zergling x2  
  51  4:23  Overlord  
  52  4:38  Zerg Melee Weapons Level 1, Hatchery  
  51  4:39  Zerg Ground Armor Level 1  
  51  4:44  Zergling x4  
  51  4:45  Zergling x6  
  56  4:53  Zergling x4  
  56  4:56  Overlord x2  
  56  4:59  Zergling x2  
  59  5:11  Zergling x2  
  59  5:12  Zergling x6  
  63  5:31  Baneling x16  
  63  5:33  Zergling x12  
  62  5:50  Spore Crawler x2  
  62  5:52  Spore Crawler  
  51  6:06  Spore Crawler  
  51  6:08  Spore Crawler  
  35  6:25  Spore Crawler  
  33  6:27  Spore Crawler x2  
  33  6:28  Spore Crawler  
  33  6:29  Spore Crawler  
  33  6:30  Spore Crawler  
  28  6:40  Spore Crawler  
  28  6:46  Lair  
  29  7:00  Drone x7  
  35  7:01  Drone  
  25  7:26  Hatchery  
  25  7:27  Drone  
  25  7:28  Drone  
  25  7:50  Hydralisk Den  
  24  8:21  Spawning Pool  
  24  8:25  Extractor  
  22  8:30  Extractor  
  21  8:55  Hydralisk x2  
  23  9:38  Hatchery  
  22  9:43  Queen  
  24  9:48  Hatchery  
Show
View Real Time Build Order
Export as new Build Order

turfcomedy Terran - Winner!

Build Orders:  

Get SALT Encoding   

  12  0:02  SCV  
  13  0:14  SCV  
  13  0:20  Supply Depot  
  14  0:26  SCV  
  15  0:29  Refinery  
  15  0:36  Refinery  
  15  0:41  SCV  
  16  0:53  SCV  
  17  0:59  Barracks  
  17  1:05  SCV  
  18  1:17  SCV  
  19  1:30  SCV  
  20  1:42  SCV  
  21  1:48  Supply Depot  
  21  1:52  Factory  
  21  1:54  SCV  
  23  2:10  Orbital Command  
  23  2:15  Supply Depot  
  22  2:36  SCV  
  23  2:46  Starport  
  23  2:48  SCV, Starport  
  24  2:58  Supply Depot  
  24  3:00  SCV  
  25  3:12  SCV  
  26  3:24  SCV  
  27  3:27  Fusion Core  
  27  3:32  Starport Tech Lab  
  27  3:42  SCV  
  27  3:44  Command Center  
  27  3:47  Starport Tech Lab  
  28  3:54  SCV  
  29  4:20  Battlecruiser  
  29  4:23  Battlecruiser  
  41  4:30  Engineering Bay  
  41  4:38  SCV  
  42  4:50  SCV  
  43  4:54  Marine  
  43  4:58  Refinery, Planetary Fortress  
  44  5:00  Refinery  
  44  5:02  SCV  
  45  5:16  Weapon Refit  
  45  5:25  Barracks Reactor  
  45  5:30  SCV  
  46  5:40  Factory Tech Lab  
  46  5:42  SCV  
  17  6:12  SCV  
  15  6:24  SCV  
  16  6:36  SCV  
  17  6:46  Battlecruiser  
  23  6:48  SCV  
  24  7:01  SCV  
  25  7:13  SCV  
  26  7:38  SCV  
  26  7:42  Starport Tech Lab  
  27  7:50  SCV  
  28  8:03  SCV  
  28  8:05  Orbital Command  
  29  8:15  SCV  
  30  8:21  Supply Depot  
  30  8:43  SCV, Battlecruiser  
  37  9:02  SCV  
  38  9:27  Starport Tech Lab  
  38  9:36  Supply Depot  
  38  9:58  SCV x2  
  40  10:10  SCV x2  
  42  10:22  SCV x2  
  42  10:25  Supply Depot  
Tags
 
Add a new tag
Caveats
  • Supply blocks, unpowered buildings, or Contaminate may cause inaccurate times.
  • Supply counts are checked every 10 seconds.